 Dungeon Crawl Stone Soup version 0.21.1-1-g345015f (webtiles) character file.

22222 Mirai the Earth Mage (level 12, -2/66 HPs)
             Began as a Gargoyle Earth Elementalist on Feb 23, 2018.
             Was an Elder of Vehumet.
             Slain by a crocodile (5 damage)
             ... on level 3 of the Lair of Beasts on Feb 24, 2018.
             The game lasted 00:53:56 (11125 turns).

Mirai the Earth Mage (Gargoyle Earth Elementalist) Turns: 11125, Time: 00:53:57

Health: -2/66      AC: 18    Str: 13    XL:     12   Next: 98%
Magic:  8/37       EV:  6    Int: 20    God:    Vehumet [****..]
Gold:   581        SH:  0    Dex: 10    Spells: 26/35 levels left

rFire    . . .     SeeInvis .   G - staff of energy
rCold    . . .     Gourm    .   (no shield)
rNeg     + . .     Faith    .   n - +2 robe {Archmagi}
rPois    ∞         Spirit   .   (no helmet)
rElec    +         Reflect  .   (no cloak)
rCorr    .         Harm     .   Y - +2 pair of gloves
MR       .....                  o - +2 pair of boots
Stlth    ++........             (no amulet)
HPRegen  0.21/turn              l - ring of magical power
MPRegen  0.25/turn              C - ring of wizardry

@: about to teleport, held
A: negative energy resistance 1, electricity resistance, unbreathing,
petrification resistance, rot immunity, AC +8
a: Renounce Religion


You were on level 3 of the Lair of Beasts.
You worshipped Vehumet.
Vehumet was greatly pleased with you.
You were not hungry.

You visited 3 branches of the dungeon, and saw 16 of its levels.
You also visited: Ossuary.

You collected 581 gold pieces.

Inventory:

Hand Weapons
 f - a +5 dagger of draining
 Z - a +1 mace of holy wrath
Missiles
 b - 107 stones (quivered)
Armour
 n - a +2 robe of the Archmagi (worn)
 o - a +2 pair of boots (worn)
 v - the +3 salamander hide armour {+Rage rF++}
   (You found it on level 7 of the Dungeon)

   It greatly protects you from fire.
   It lets you go berserk.
 Y - a +2 pair of gloves (worn)
Magical Staves
 G - an uncursed staff of energy (weapon)
Jewellery
 k - an uncursed ring of stealth
 l - a ring of magical power (left hand)
 q - an uncursed amulet of rage
 C - a ring of wizardry (right hand)
Wands
 c - a wand of random effects (23)
 p - a wand of flame (63)
 I - a wand of digging (14)
 N - a wand of paralysis (8)
 O - a wand of disintegration (13)
 U - a wand of acid (10)
Scrolls
 a - a scroll of immolation
 g - 11 scrolls of identify
 h - 2 scrolls of teleportation
 D - 4 scrolls of fear
 J - 3 scrolls of enchant weapon
 M - a scroll of amnesia
 Q - 2 scrolls of magic mapping
Potions
 i - 2 potions of invisibility
 j - 8 potions of curing
 r - 3 potions of mutation {unknown}
 s - 7 potions of flight {unknown}
 t - 3 potions of degeneration {unknown}
 x - 3 potions of lignification {unknown}
 z - a potion of berserk rage {unknown}
 A - a potion of magic {unknown}
 B - a potion of resistance {unknown}
 E - 7 potions of heal wounds {unknown}
 F - 9 potions of brilliance {unknown}
 H - 2 potions of haste {unknown}
 L - 2 potions of might {unknown}
 S - 2 potions of agility {unknown}
 T - a potion of ambrosia {unknown}
 V - 2 potions of cancellation
Books
 e - a book of Geomancy

   Spells                             Type                      Level
   a - Sandblast                      Earth                        1
   b - Passwall                       Transmutation/Earth          2
   c - Stone Arrow                    Conjuration/Earth            3
   d - Petrify                        Transmutation/Earth          4
   e - Lee's Rapid Deconstruction     Earth                        5
 m - a book of Minor Magic

   Spells                             Type                      Level
   a - Magic Dart                     Conjuration                  1
   b - Blink                          Translocation                2
   c - Call Imp                       Summoning                    2
   d - Slow                           Hexes                        2
   e - Conjure Flame                  Conjuration/Fire             3
   f - Mephitic Cloud                 Conjuration/Poison/Air       3
 u - a book of Misfortune

   Spells                             Type                      Level
   a - Confusing Touch                Hexes                        1
   b - Confuse                        Hexes                        3
   c - Gell's Gravitas                Translocation                3
   d - Petrify                        Transmutation/Earth          4
   e - Metabolic Englaciation         Hexes/Ice                    5
   f - Yara's Violent Unravelling     Hexes/Transmutation          5
 w - Jessica's Tome of Curses
   (You found it on level 3 of the Dungeon)

   Spells                             Type                      Level
   a - Slow                           Hexes                        2
 y - a book of Beasts

   Spells                             Type                      Level
   a - Summon Butterflies             Summoning                    1
   b - Call Canine Familiar           Summoning                    3
   c - Summon Ice Beast               Ice/Summoning                4
   d - Summon Mana Viper              Hexes/Summoning              5
   e - Summon Hydra                   Summoning                    7
Miscellaneous
 X - a fan of gales
Comestibles
 d - 26 rations


   Skills:
 + Level 4.0 Fighting
 + Level 1.4 Staves
 - Level 1.5 Dodging
 - Level 2.1 Stealth
 + Level 12.3 Spellcasting
 * Level 10.1 Conjurations
   Level 0.7 Transmutations
 + Level 15.1 Earth Magic


You had 26 spell levels left.
You knew the following spells:

 Your Spells              Type           Power        Failure   Level  Hunger
a - Sandblast             Erth           ######       0%          1    None
b - Stone Arrow           Conj/Erth      ######       1%          3    None
c - Lee's Rapid Deconstr  Erth           #######...   1%          5    None


Dungeon Overview and Level Annotations

Branches:
Dungeon (12/15)            Temple (1/1) D:5            Lair (3/6) D:10
  Swamp (0/4) Lair:3       Spider (0/4) Lair:3
    Orc: D:9-12

Altars:
Ashenzari
Cheibriados
Dithmenos
Elyvilon
Fedhas
Gozag
Hepliaklqana
Kikubaaqudgha
Makhleb
Nemelex Xobeh
Okawaru
Qazlal
Ru
Sif Muna
Trog
Uskayaw
Vehumet
Wu Jian
Xom
Yredelemnul
Zin
The Shining One

Shops:
D:5 :   D:8 (

Annotations:
Lair:1 exclusion: oklob plant


Innate Abilities, Weirdness & Mutations

You are resistant to torment.
Your stone body is resilient. (AC +8)
You are immune to poison.
You resist negative energy. (rN+)
You are resistant to electric shocks. (rElec)
You can survive without breathing.
You are immune to petrification.
You are immune to rotting.


Message History

You feel a surge of power!
The blast of sand hits the crocodile.
The crocodile is severely wounded.
b - 107 stones The crocodile bites you but does no damage.
The jumping spider pounces on you.
* * * LOW HITPOINT WARNING * * *
You are caught in a web!
The jumping spider bites you but does no damage.
You feel better.
The crocodile bites you but does no damage.
The jumping spider pounces on you!
* * * LOW HITPOINT WARNING * * *
The jumping spider bites you but does no damage.
Unknown command.
As you read the scroll of teleportation, it crumbles to dust.
You feel strangely unstable. The jumping spider barely misses you.
The jumping spider bites you.
* * * LOW HITPOINT WARNING * * *
The crocodile bites you.
You die...

#.# .# ###...... #.###^###
.#..... #.#...#. ......# #^.>..#
.....# #..†.# .....## #≈≈≈##
#.....# #..... #.>...## #...#.
#@...#.#... #...## #st..+ ....
##...# # #....# #.####..##
#.#†...####...##....
#.#....#P#..#..#....
........#...................
...............#F................
.............#...................
............##≈#.................


You could see a blink frog, a jumping spider and a crocodile.

Vanquished Creatures
  5 two-headed ogres
  3 black mambas
  6 torpor snails (Lair:2)
  6 spiny frogs
  A rime drake (Lair:2)
  A gargoyle (D:10)
  3 komodo dragons
  A jumping spider (Lair:3)
  A queen bee (D:8)
  11 blink frogs
  6 hippogriffs
  4 redbacks (Lair:3)
  2 wyverns (D:10)
  A wraith (D:10)
  4 yaks (D:10)
  2 basilisks
  A soldier ant (D:10)
  3 water moccasins
  A black bear (D:10)
  5 porcupines
  7 ice beasts
  2 orc warriors (D:10)
  4 sky beasts
  3 phantoms
  11 ogres
  6 centaurs
  10 crocodiles
  9 bullfrogs
  A gnoll sergeant (D:10)
  2 scorpions
  14 killer bees
  4 wights (D:10)
  3 electric eels
  5 crimson imps
  A lava snake (D:9)
  3 jellies
  5 hounds
  A quasit (D:6)
  5 orc priests
  6 orc wizards
  A centaur skeleton (D:10)
  2 iguanas (D:10)
  Jessica (D:3)
  A bullfrog skeleton (D:10)
  Natasha (twice) (D:2)
  3 worker ants
  A killer bee zombie (D:6)
  A big kobold zombie (Ossuary)
  A hound zombie (D:8)
  2 hound skeletons
  3 mummies (Ossuary)
  2 worker ant zombies
  10 gnolls
  2 howler monkey skeletons
  14 adders
  2 shadow imps
  4 adder zombies
  4 adder skeletons
  5 worms
  4 leopard geckos
  26 orcs
  3 ball pythons
  5 giant cockroaches
  A gnoll zombie (Ossuary)
  18 goblins
  7 hobgoblins
  13 jackals
  4 quokkas
  11 bats
  A frilled lizard (D:4)
  4 goblin zombies (Ossuary)
  A hobgoblin zombie (Ossuary)
  A jackal skeleton (D:4)
  10 kobolds
  2 kobold zombies (Ossuary)
  An orc zombie (Ossuary)
  A quokka skeleton (D:6)
  2 quokka zombies (Ossuary)
  7 rats
  5 rat zombies (Ossuary)
  A fungus (Lair:3)
358 creatures vanquished.

Vanquished Creatures (others)
  2 fungi
  A plant (Lair:1)
3 creatures vanquished.

Grand Total: 361 creatures vanquished

Notes
Turn   | Place    | Note
-------+----------+-------------------------------------------
     0 | D:1      | Mirai the Gargoyle Earth Elementalist began the quest for the Orb.
     0 | D:1      | Reached XP level 1. HP: 10/10 MP: 3/3
     1 | D:1      | Noticed an electric eel
   109 | D:1      | Reached skill level 4 in Earth Magic
   121 | D:1      | Reached XP level 2. HP: 15/15 MP: 0/5
   459 | D:1      | Reached XP level 3. HP: 13/19 MP: 4/6
   819 | D:2      | Noticed Natasha
   829 | D:2      | Killed Natasha
   829 | D:2      | Reached skill level 5 in Earth Magic
   829 | D:2      | Reached XP level 4. HP: 23/24 MP: 1/8
  1018 | D:2      | Learned a level 3 spell: Stone Arrow
  1286 | D:2      | Noticed Natasha
  1286 | D:2      | Reached XP level 5. HP: 28/28 MP: 7/10
  1292 | D:2      | Killed Natasha
  1292 | D:2      | Reached skill level 1 in Conjurations
  1475 | D:2      | Learned a level 5 spell: Lee's Rapid Deconstruction
  1598 | D:3      | Noticed Jessica
  1604 | D:3      | Killed Jessica
  1616 | D:3      | Identified Jessica's Tome of Curses
  1738 | D:3      | Reached skill level 1 in Fighting
  1782 | D:3      | Reached XP level 6. HP: 34/34 MP: 11/11
  2210 | D:4      | Found a hide-covered altar of Uskayaw.
  2210 | D:4      | Noticed a hand axe
  2210 | D:4      | Noticed a dagger
  2238 | D:4      | Reached skill level 6 in Earth Magic
  2339 | D:4      | You fall through a shaft for 3 floors!
  2379 | D:6      | Noticed an ice beast
  2407 | D:6      | Reached XP level 7. HP: 26/39 MP: 6/13
  2583 | D:6      | Reached skill level 5 in Spellcasting
  2586 | D:6      | Reached skill level 7 in Earth Magic
  2659 | D:5      | Entered Level 5 of the Dungeon
  3221 | D:5      | Reached XP level 8. HP: 36/44 MP: 8/16
  3522 | D:5      | Found a staircase to the Ecumenical Temple.
  3524 | D:5      | Found a faded altar of an unknown god.
  3531 | Temple   | Entered the Ecumenical Temple
  3546 | Temple   | Became a worshipper of Vehumet
  3942 | D:5      | Reached skill level 8 in Earth Magic
  4083 | D:5      | Found Vaariul's Book Shoppe.
  4556 | D:6      | Reached * piety under Vehumet
  4556 | D:6      | Offered knowledge of Flame Tongue by Vehumet.
  4565 | D:6      | Reached XP level 9. HP: 49/49 MP: 19/19
  4662 | D:6      | Reached skill level 9 in Earth Magic
  4976 | D:7      | Found the +3 salamander hide armour {+Rage rF++}
  5036 | D:7      | Reached skill level 5 in Conjurations
  5369 | D:7      | Reached skill level 10 in Earth Magic
  5576 | D:8      | Noticed a two-headed ogre
  5624 | D:8      | Killed a two-headed ogre
  5624 | D:8      | Reached XP level 10. HP: 41/56 MP: 0/22
  5681 | D:8      | Found Papsyr's Weapon Emporium.
  5690 | D:8      | Reached ** piety under Vehumet
  5690 | D:8      | Offered knowledge of Shock by Vehumet.
  5714 | D:8      | Reached skill level 11 in Earth Magic
  5743 | D:8      | Found a sand-covered staircase.
  5832 | Ossuary  | Entered an ossuary
  5943 | Ossuary  | Offered knowledge of Static Discharge by Vehumet.
  6109 | D:8      | Found a transporter.
  6257 | D:8      | Reached *** piety under Vehumet
  6261 | D:8      | Found a transporter.
  6777 | D:9      | Offered knowledge of Force Lance by Vehumet.
  6922 | D:9      | You fall through a shaft for 3 floors!
  6975 | D:10     | Entered Level 10 of the Dungeon
  6995 | D:9      | Noticed a two-headed ogre
  6998 | D:9      | Killed a two-headed ogre
  6998 | D:9      | Reached skill level 12 in Earth Magic
  7469 | D:10     | Reached XP level 11. HP: 60/60 MP: 24/24
  7558 | D:10     | Reached skill level 10 in Spellcasting
  7673 | D:10     | Noticed a two-headed ogre
  7679 | D:10     | Killed a two-headed ogre
  8062 | D:10     | Found a staircase to the Lair.
  8211 | D:10     | Noticed a two-headed ogre
  8223 | D:10     | Killed a two-headed ogre
  8223 | D:10     | Reached skill level 13 in Earth Magic
  8250 | D:10     | Noticed a two-headed ogre
  8421 | D:10     | Killed a two-headed ogre
  8810 | Lair:1   | Entered Level 1 of the Lair of Beasts
  8860 | Lair:1   | Noticed an oklob plant
  8979 | Lair:1   | Reached XP level 12. HP: 66/66 MP: 24/27
  9090 | Lair:1   | Found a dark tunnel.
  9700 | Lair:2   | Reached skill level 14 in Earth Magic
  9875 | Lair:2   | Reached **** piety under Vehumet
 10062 | Lair:2   | Reached skill level 1 in Staves
 10116 | Lair:2   | Offered knowledge of Venom Bolt by Vehumet.
 10513 | Lair:2   | Found a snail-covered altar of Cheibriados.
 11043 | Lair:3   | Found a staircase to the Swamp.
 11067 | Lair:3   | Reached skill level 10 in Conjurations
 11071 | Lair:3   | Found a hole to the Spider Nest.
 11110 | Lair:3   | Reached skill level 15 in Earth Magic
 11125 | Lair:3   | HP: 3/66 [jumping spider (3)]
 11125 | Lair:3   | Slain by a crocodile

Skill      XL: |  1  2  3  4  5  6  7  8  9 10 11 12 |
---------------+-------------------------------------+-----
Earth Magic    | 4 5 6 7 8 10 12 13 15 | 15.1
Spellcasting   | 3 4 5 6 8 9 11 12 | 12.3
Conjurations   | 1 2 3 4 6 7 8 10 | 10.1
Fighting       | 1 2 3 4 |  4.0
Staves         | 1 |  1.4
Dodging        | |  1.5
Stealth        | |  2.1
Transmutations | |  0.7

Action                   |  1- 3 |  4- 6 |  7- 9 | 10-12 || total
-------------------------+-------+-------+-------+-------++-------
Melee: Unarmed           |     7 |       |       |       ||     7
       Dagger            |    23 |   142 |   147 |    75 ||   387
       Staff             |       |       |       |    17 ||    17
 Cast: Sandblast         |    19 |    41 |    63 |    80 ||   203
       Lee's Rapid Decon |       |     4 |    27 |    94 ||   125
       Stone Arrow       |       |       |     1 |   112 ||   113
  Use: Scroll            |       |     7 |     4 |    17 ||    28
       Potion            |       |       |     1 |     1 ||     2
 Stab: Sleeping          |     2 |     3 |       |       ||     5
  Eat: Chunk             |       |     6 |    16 |    14 ||    36
       Ration            |       |       |     1 |     3 ||     4
Armor: Robe              |    23 |    42 |    79 |   114 ||   258
Dodge: Dodged            |    34 |   101 |   101 |   155 ||   391
